 Seeded DCSS version 0.28.0-43-g3370ac3207 (webtiles) character file.

Game seed: 7121082916606783627 (custom seed)

172 gzilladon the Chopper (level 5, -5/46 HPs)
             Began as a Hill Orc Monk on Mar 30, 2022.
             Was a Believer of Beogh.
             Splashed by a jelly's acid (8 damage)
             ... on level 4 of the Dungeon.
             The game lasted 00:08:54 (2245 turns).

gzilladon the Chopper (Hill Orc Monk)               Turns: 2245, Time: 00:08:54

Health: -5/46      AC: -3    Str: 16    XL:     5   Next: 53%
Magic:  6/6        EV:  7    Int: 10    God:    Beogh [**....]
Gold:   144        SH:  0    Dex: 13    Spells: 4/4 levels left

rFire   . . .      SeeInvis .   a - +0 hand axe
rCold   . . .      Faith    .   (no shield)
rNeg    . . .      Spirit   .   e - +0 chain mail
rPois   .          Reflect  .   (no helmet)
rElec   .          Harm     .   (no cloak)
rCorr   .          Rampage  .   (no gloves)
Will    .....                   (no boots)
Stlth   ..........              (no amulet)
HPRegen 0.15/turn               (no ring)
MPRegen 0.10/turn               (no ring)

@: confused, corroded
A: no striking features
a: Renounce Religion, Smiting


You were on level 4 of the Dungeon.
You worshipped Beogh.
Beogh was pleased with you.
You visited 1 branch of the dungeon, and saw 4 of its levels.

You collected 144 gold pieces.

Inventory:

Hand Weapons
 a - a +0 hand axe (weapon)
Missiles
 j - 15 poisoned darts (quivered)
 m - 14 stones
 p - 25 arrows
Armour
 b - a +0 robe
 c - a +0 leather armour
 e - a +0 chain mail (worn)
Scrolls
 d - 2 scrolls of immolation {unknown}
 f - 4 scrolls of identify {unknown}
 g - a scroll of torment {unknown}
 i - a scroll of teleportation {unknown}
 k - a scroll of summoning {unknown}
 l - a scroll of blinking {unknown}
 o - a scroll of fear {unknown}
Potions
 h - a potion of attraction {unknown}
 n - a potion of curing {unknown}


   Skills:
 + Level 4.3 Fighting
 * Level 6.4 Axes
 + Level 2.0 Armour
 + Level 2.6 Dodging
 - Level 1.5 Stealth
 * Level 1.8 Invocations


You had 4 spell levels left.
You didn't know any spells.
Your spell library was empty.

Dungeon Overview and Level Annotations

Branches:
Dungeon (4/15)
 Temple: D:4-7

Altars:
Uskayaw

Shops:
D:1 *


Message History

Press: ? - help, Q - select action, (/) - cycle Shift-Dir - straight line, f/p - ice beast
Aim: an ice beast (59% to hit)
You throw a poisoned dart. The poisoned dart hits the ice beast.
A giant cockroach comes into view.
The goblin hits you but does no damage. The jelly hits you but does no damage.
You see here a scorpion corpse.
You barely miss the jelly. The jelly hits you but does no damage.
You hit the jelly. The acid corrodes you!
Your hands burn!
The jelly is moderately wounded.
The jelly hits you but does no damage.
You hit the jelly but do no damage.
Your hands burn!
The jelly is moderately wounded.
The jelly hits you.
You are splashed with acid!
You barely miss the jelly.
The jelly is moderately wounded.
The jelly hits you. The acid corrodes you!
You are splashed with acid!
You hit the jelly but do no damage.
Your hands burn!
* * * LOW HITPOINT WARNING * * *
The jelly is moderately wounded.
The giant cockroach waves its antennae.
The jelly hits you.
* * * LOW HITPOINT WARNING * * *
The acid corrodes you!
You are splashed with acid!
* * * LOW HITPOINT WARNING * * *
You hit the jelly but do no damage.
Your hands burn!
* * * LOW HITPOINT WARNING * * *
The jelly is moderately wounded.
The jelly closely misses you.
You see here a +0 dagger.
The jelly jiggles.
An orc wizard comes into view. It is wielding a +0 dagger.
The orc wizard shouts!
You hear a shout!
The orc wizard gestures at you while chanting.
You are confused.
An orc comes into view. It is wielding a +0 mace.
You're too confused to move!
The jelly hits you.
* * * LOW HITPOINT WARNING * * *
You are splashed with acid!
You die...

.
#...BSYg......#
#.#######.....#
#g# #.....# #Y#
#..#.## #.#
##.#... #S#
#...### #B#
#...# #J# #..>.
#@# ##### #.#
#.# #.# #.# ..^
.o. .o.


You could see an ice beast, a jelly, an orc wizard, an adder, an orc, a giant
cockroach and a goblin.

Vanquished Creatures
  A scorpion (D:4)
  A hound (D:4)
  2 adders (D:2)
  2 worms (D:2)
  A dart slug (D:2)
  2 orcs (D:2)
  6 ball pythons
  2 bats (D:1)
  4 endoplasms
  A giant cockroach (D:1)
  6 goblins
  5 hobgoblins
  6 quokkas
  A frilled lizard (D:3)
  10 kobolds
  A rat (D:1)
51 creatures vanquished.

Vanquished Creatures (others)
  An ice beast (D:3)
  An orc (D:3)
  A quokka (D:3)
  7 toadstools (D:3)
10 creatures vanquished.

Grand Total: 61 creatures vanquished

Notes
Turn   | Place    | Note
-------+----------+-------------------------------------------
     0 | D:1      | gzilladon the Hill Orc Monk began the quest for the Orb.
     0 | D:1      | Reached XP level 1. HP: 19/19 MP: 1/1
   124 | D:2      | Reached XP level 2. HP: 20/27 MP: 2/2
   272 | D:3      | Became a worshipper of Beogh the Brigand
   272 | D:3      | Reached * piety under Beogh
   272 | D:3      | Reached ** piety under Beogh
   576 | D:2      | Reached XP level 3. HP: 27/33 MP: 3/3
   584 | D:2      | Reached skill level 5 in Axes
  1145 | D:1      | Found Rirorouf's Assorted Antiques.
  1294 | D:2      | Reached skill level 1 in Armour
  1420 | D:2      | Reached XP level 4. HP: 22/40 MP: 4/4
  1438 | D:2      | Reached skill level 1 in Invocations
  1621 | D:2      | Found a faded altar of an unknown god.
  1827 | D:3      | Found a hide-covered altar of Uskayaw.
  1995 | D:3      | Killed an ice beast
  2029 | D:3      | Reached *** piety under Beogh
  2201 | D:4      | Noticed a scorpion
  2208 | D:4      | Killed a scorpion
  2209 | D:4      | Reached skill level 6 in Axes
  2209 | D:4      | Reached XP level 5. HP: 38/46 MP: 6/6
  2210 | D:4      | Noticed an ice beast
  2224 | D:4      | HP: 2/46 [acid (2)]
  2245 | D:4      | Splashed by a jelly's acid

Illustrated notes

Levels and vault maps discovered:
D:1:      minmay_arrival_plants_in_alcoves, layout_rooms, serial_shops, shop,
          chequers_serial_rivers_large_b
D:2:      layout_rooms, hellmonk_ecumenical_altar_leap_of_faith,
          minmay_door_square, nicolae_concentric_dashed_squares_mild
D:3:      cheibrodos_fertilizer, layout_basic, lemuel_tele_altar,
          lemuel_zombie_altar_yredelemnul, serial_shops,
          nicolae_shop_behind_doors, serial_rivers,
          chequers_serial_rivers_small_a, chequers_serial_rivers_micro_c,
          chequers_serial_rivers_room_a, chequers_serial_rivers_micro_e,
          chequers_serial_rivers_small_a, kennysheep_generic_room_9
D:4:      layout_basic, grunt_temple_overflow_cloverleaf, uniq_pargi,
          uniq_menkaure, uniq_natasha

Skill      XL: |  1  2  3  4 |
---------------+-------------+-----
Axes           | 5 6 |  6.4
Fighting       | 4 |  4.3
Armour         | 1 2 |  2.0
Invocations    | 1 |  1.8
Dodging        | |  2.6
Stealth        | |  1.5

Action                   |  1- 3 |  4- 6 || total
-------------------------+-------+-------++-------
Melee: Hand axe          |   127 |    64 ||   191
       Punch             |     1 |     1 ||     2
Throw: Dart              |       |     7 ||     7
Invok: Convert to Beogh  |     1 |       ||     1
Armor: Chain mail        |   116 |    36 ||   152
       Leather armour    |     4 |       ||     4
Dodge: Dodged            |    59 |    33 ||    92
